 Dungeon Crawl Stone Soup version 0.18.1-6-gd335043 (webtiles) character file.

16044 Medar the Brawler (level 12, -7/99 HPs)
             Began as a Troll Skald on May 20, 2016.
             Killed from afar by a frost giant (51 damage)
             ... with a bolt of cold
             ... in an ice cave.
             The game lasted 00:31:36 (9984 turns).

Medar the Brawler (Troll Skald)                     Turns: 9984, Time: 00:31:36

Health: -7/99      AC:  9    Str: 32    XL:     12   Next: 6%
Magic:  12/12      EV: 18    Int:  3    God:
Gold:   589        SH: 12    Dex: 21    Spells: 2 memorised, 10 levels left

rFire  . . .     SeeInvis .       - Unarmed
rCold  . . .     Gourm    +     I - +1 robe "Animp" {Int-5 Dex+7}
rNeg   . . .     Faith    .     w - +0 shield
rPois  +         Spirit   .     (helmet restricted)
rElec  .         Dismiss  +     v - +2 cloak
rCorr  .         Reflect  .     (gloves unavailable)
SustAt .         Harm     .     (boots unavailable)
MR     .....                    p - amulet of dismissal
Stlth  +++.......               h - ring of poison resistance
                                g - +4 ring of slaying

@: mighty, agile, not resistant to hostile enchantments, fairly stealthy
A: unfitting armour, claws 3, hooves 1, fast metabolism 3, frail 1, gourmand,
regeneration 2, shaggy fur 1, tough skin 2, MP-powered wands
a: no special abilities


You were in an ice cave.
You were completely stuffed.

You visited 3 branches of the dungeon, and saw 12 of its levels.
You also visited: Ice Cave.

You collected 589 gold pieces.

Inventory:

Missiles
 e - 2 throwing nets {=f =F}
 K - 10 tomahawks (quivered)
 W - 7 exploding tomahawks
Armour
 v - a +2 cloak (worn)
 w - a +0 shield (worn)
 I - the +1 robe "Animp" (worn) {Int-5 Dex+7}
   (You found it on level 5 of the Dungeon)

   It affects your intelligence (-5).
   It affects your dexterity (+7).
Jewellery
 g - a +4 ring of slaying (left claw)
 h - a ring of poison resistance (right claw)
 p - an amulet of dismissal (around neck)
 G - an uncursed ring of fire
 R - an uncursed ring of stealth
 S - an uncursed amulet of regeneration {unknown}
Wands
 a - a wand of iceblast (6/15)
 d - a wand of confusion (20/48)
 l - a wand of hasting (5/9)
 y - a wand of digging (11/24)
Scrolls
 f - a scroll of immolation
 i - a scroll of fear
 k - 4 scrolls of remove curse {@r1}
 q - 2 scrolls of teleportation
 r - a scroll of noise {unknown}
 s - a scroll of random uselessness {unknown}
 u - a scroll of fog {unknown}
 x - a scroll of recharging {unknown}
 H - a scroll of amnesia {unknown}
 O - a scroll of magic mapping {unknown}
 V - a scroll of torment {unknown}
 X - a scroll of silence {unknown}
 Y - a scroll of summoning {unknown}
Potions
 j - a potion of might
 m - 3 potions of agility
 o - a potion of ambrosia
 t - 4 potions of lignification
 A - 2 potions of flight
 D - a potion of heal wounds
 T - a potion of haste
Comestibles
 b - 5 chunks of flesh
 c - 5 bread rations {@e1}
 n - 2 slices of pizza
 z - 5 meat rations {@e2}
 C - 4 fruits {@e3}
 E - 3 beef jerkies


   Skills:
 - Level 5.0 Fighting
 - Level 5.0 Dodging
 + Level 7.2 Shields
 + Level 15.1 Unarmed Combat
 - Level 1.2 Spellcasting
 - Level 2.0 Charms


You had 10 spell levels left.
You knew the following spells:

 Your Spells              Type           Power        Failure   Level  Hunger
b - Shroud of Golubria    Chrm/Tloc      #.........   85%         2    ###....
t - Infusion              Chrm           #...         38%         1    ##.....


Dungeon Overview and Level Annotations

Branches:
Dungeon (10/15)            Temple (1/1) D:6            Lair (1/8) D:10
    Orc (0/2) D:9

Altars:
Ashenzari
Cheibriados
Dithmenos
Elyvilon
Fedhas
Gozag
Kikubaaqudgha
Makhleb
Nemelex Xobeh
Okawaru
Pakellas
Qazlal
Ru
Sif Muna
Trog
Vehumet
Xom
Yredelemnul
Zin
The Shining One

Shops:
D:5 }   D:8 (

Annotations:
D:4 Uhlv's ghost, amateur HOFi
D:8 loot
D:10 cold loot IceCv exclusion: ice statue


Innate Abilities, Weirdness & Mutations

You are too large for most types of armour.
You have claws for hands.
Your metabolism is lightning-fast.
You like to eat raw meat.
You heal very quickly.
You are covered in fur (AC +1).
You have very tough skin (AC +2).
You have large cloven feet.
You are frail (-10% HP).
You expend magic power (3 MP) to strengthen your wands.


Message History

Your amulet of dismissal vibrates suddenly!
The frost giant disappears!
The frost giant points at you and mumbles some strange words.
The bolt of cold hits you!
* * * LOW HITPOINT WARNING * * *
Drink which item? (? for menu, Esc to quit)
You feel much better.
You claw the frost giant! You kick the frost giant!
The frost giant is severely wounded.
You claw the frost giant!
You kick the frost giant, but do no damage.
The frost giant is severely wounded.
The frost giant completely misses you.
You claw the frost giant!
You kick the frost giant, but do no damage.
The frost giant is almost dead.
The frost giant points at you and mumbles some strange words.
The bolt of cold hits you!
Ouch! That really hurt!
You die...

######## ######### ####
#....C.######C.#@...### ##...
.....##..##§§##C#.....### ##....
C..######≈C≈#####.###...####...##
.### ≈#≈≈≈## ###≈≈##...#..###≈
#.[##≈≈≈≈≈≈≈# #########...##≈≈
#[#.##≈≈≈≈≈≈≈# ###...##########≈≈
###≈≈≈≈≈≈≈≈≈≈###..##.....## #≈#
.####≈≈≈≈≈≈≈≈#..###...⌠...## ###


You could see a frost giant.

Vanquished Creatures
  2 death yaks (IceCv)
  A black mamba (Lair:1)
  A spiny frog (Lair:1)
  A komodo dragon (D:10)
  9 polar bears (IceCv)
  3 trolls
  A two-headed ogre (D:8)
  30 yaks
  A wyvern (D:9)
  3 hippogriffs
  Eustachio (D:4)
  A hungry ghost (D:9)
  A water moccasin (Lair:1)
  A porcupine (Lair:1)
  A phantom (D:8)
  2 sky beasts
  8 ice beasts (Lair:1)
  3 black bears
  3 orc warriors
  4 ogres
  4 centaurs
  13 wolves (IceCv)
  3 crocodiles
  3 big kobolds
  A gnoll sergeant (D:8)
  7 giant frogs
  3 scorpions
  5 killer bees
  3 wights (D:8)
  A howler monkey (D:8)
  3 crimson imps
  3 centaur zombies
  A giant frog skeleton (D:7)
  4 giant frog zombies
  2 jellies (D:8)
  3 orc priests
  2 hounds
  5 orc wizards
  An iguana (D:10)
  5 worker ants
  14 sheep (Lair:1)
  2 hound skeletons
  Robin (D:4)
  15 gnolls
  14 river rats (Lair:1)
  13 adders
  6 shadow imps
  2 oozes
  2 adder skeletons
  An adder zombie (D:7)
  6 worms
  2 dart slugs (D:2)
  5 giant geckos
  29 orcs
  2 bat zombies (D:2)
  3 giant cockroaches
  12 goblins
  16 hobgoblins
  7 jackals
  3 quokkas
  3 ball pythons (D:4)
  5 bats
  2 giant newts
  19 kobolds
  2 quokka skeletons
  A quokka zombie (D:5)
  6 rats
  2 rat zombies (D:2)
344 creatures vanquished.

Vanquished Creatures (others)
  An ice dragon (D:5)
  2 wolves (IceCv)
  A bush (D:5)
  2 plants (D:10)
6 creatures vanquished.

Grand Total: 350 creatures vanquished

Notes
Turn   | Place    | Note
--------------------------------------------------------------
     0 | D:1      | Medar the Troll Skald began the quest for the Orb.
     0 | D:1      | Reached XP level 1. HP: 19/19 MP: 1/1
   439 | D:1      | Reached XP level 2. HP: 27/27 MP: 2/2
   519 | D:1      | Reached skill level 3 in Unarmed Combat
   964 | D:2      | Learned a level 2 spell: Shroud of Golubria
   965 | D:2      | Found an iron altar of Okawaru.
   972 | D:2      | Reached XP level 3. HP: 33/33 MP: 3/3
  1016 | D:2      | Noticed an orc warrior
  1270 | D:2      | Found a shadowy altar of Dithmenos.
  1287 | D:2      | Reached skill level 4 in Unarmed Combat
  1365 | D:2      | Found an opulent altar of Gozag.
  1555 | D:2      | Found an ancient bone altar of Kikubaaqudgha.
  1599 | D:3      | Reached XP level 4. HP: 39/41 MP: 4/4
  1664 | D:3      | Reached skill level 5 in Unarmed Combat
  1932 | D:3      | Found a shadowy altar of Dithmenos.
  1941 | D:3      | Reached XP level 5. HP: 48/48 MP: 5/5
  2550 | D:4      | Noticed Robin
  2578 | D:4      | Noticed Eustachio
  2582 | D:4      | Reached skill level 6 in Unarmed Combat
  2587 | D:4      | Killed Eustachio
  2587 | D:4      | Reached XP level 6. HP: 55/55 MP: 6/6
  2612 | D:4      | Killed Robin
  2752 | D:4      | Noticed Uhlv's ghost (amateur HOFi)
  2890 | D:4      | Reached skill level 7 in Unarmed Combat
  3154 | D:5      | Entered Level 5 of the Dungeon
  3206 | D:5      | Reached XP level 7. HP: 34/62 MP: 7/7
  3271 | D:5      | Found a bloodstained altar of Trog.
  3341 | D:5      | Found a basalt altar of Yredelemnul.
  3351 | D:5      | Reached skill level 8 in Unarmed Combat
  3365 | D:5      | Found Jatuep's Gadget Emporium.
  3372 | D:5      | Got a brightly glowing robe
  3386 | D:5      | Identified the +1 robe "Animp" {Int-5 Dex+7} (You found it on level 5 of the Dungeon)
  3812 | D:5      | Found an oddly glowing altar of Pakellas.
  3815 | D:5      | Noticed an ice dragon
  3825 | D:5      | Killed an ice dragon
  3912 | D:6      | Found a staircase to the Ecumenical Temple.
  3923 | Temple   | Entered the Ecumenical Temple
  4445 | D:6      | Reached skill level 9 in Unarmed Combat
  4559 | D:6      | Reached XP level 8. HP: 70/70 MP: 8/8
  5019 | D:7      | Reached skill level 10 in Unarmed Combat
  5174 | D:7      | You fall through a shaft for 2 floors!
  5266 | D:8      | Found a glowing golden altar of the Shining One.
  5356 | D:8      | Reached skill level 11 in Unarmed Combat
  5403 | D:8      | Found Tyidif's Weapon Boutique.
  5502 | D:8      | Reached XP level 9. HP: 79/79 MP: 9/9
  5870 | D:7      | Found a sparkling altar of Nemelex Xobeh.
  6307 | D:7      | Gained mutation: Armour fits poorly on your strangely shaped body. [mutagenic meat]
  6308 | D:7      | Gained mutation: You are partially covered in molten scales (AC +1). [mutagenic meat]
  6309 | D:7      | Gained mutation: Your system is resistant to poisons. [mutagenic meat]
  6310 | D:7      | Gained mutation: Your flesh is heat resistant. [mutagenic meat]
  6311 | D:7      | Gained mutation: You are frail (-10% HP). [mutagenic meat]
  6312 | D:7      | Lost mutation: You are frail (-10% HP). [potion of cure mutation]
  6312 | D:7      | Lost mutation: Armour fits poorly on your strangely shaped body. [potion of cure mutation]
  6312 | D:7      | Lost mutation: Your system is resistant to poisons. [potion of cure mutation]
  6312 | D:7      | Lost mutation: You are partially covered in molten scales (AC +1). [potion of cure mutation]
  6312 | D:7      | Lost mutation: Your flesh is heat resistant. [potion of cure mutation]
  6328 | D:8      | Found a sparkling altar of Nemelex Xobeh.
  6374 | D:8      | Reached skill level 12 in Unarmed Combat
  6472 | D:8      | Noticed a green ugly thing
  6472 | D:8      | Noticed a red ugly thing
  6472 | D:8      | Noticed a gargoyle
  6474 | D:8      | Noticed a polar bear
  6625 | D:8      | Noticed a moth of wrath
  6660 | D:8      | a moth of wrath changed into a boulder beetle
  6861 | D:9      | Noticed a troll
  6864 | D:9      | Killed a troll
  6864 | D:9      | Reached XP level 10. HP: 74/92 MP: 10/10
  6946 | D:9      | Found a staircase to the Orcish Mines.
  7197 | D:9      | Reached skill level 13 in Unarmed Combat
  7678 | D:10     | Entered Level 10 of the Dungeon
  7817 | D:10     | Found a staircase to the Lair.
  7952 | D:10     | Reached skill level 5 in Fighting
  8054 | D:10     | Reached skill level 5 in Dodging
  8079 | D:10     | Reached skill level 14 in Unarmed Combat
  8470 | Lair:1   | Entered Level 1 of the Lair of Beasts
  8514 | Lair:1   | Noticed a spiny frog
  8533 | Lair:1   | Killed a spiny frog
  8533 | Lair:1   | Reached skill level 1 in Shields
  8565 | Lair:1   | Reached XP level 11. HP: 92/102 MP: 11/11
  8770 | Lair:1   | Got a faintly glowing rapier
  8772 | Lair:1   | Identified the +3 rapier of Defiance {pierce, Dex+3} (You found it on level 1 of the Lair of Beasts)
  9058 | Lair:1   | Found a frozen archway.
  9078 | Lair:1   | Reached skill level 5 in Shields
  9127 | IceCv    | Entered an ice cave
  9425 | IceCv    | Gained mutation: You expend magic power (3 MP) to strengthen your wands. [potion of mutation]
  9425 | IceCv    | Gained mutation: You are frail (-10% HP). [potion of mutation]
  9425 | IceCv    | Gained mutation: You have large cloven feet. [potion of mutation]
  9755 | IceCv    | Noticed a death yak
  9770 | IceCv    | Noticed a death yak
  9772 | IceCv    | Killed a death yak
  9775 | IceCv    | Reached skill level 15 in Unarmed Combat
  9787 | IceCv    | Killed a death yak
  9787 | IceCv    | Reached XP level 12. HP: 60/99 MP: 12/12
  9927 | IceCv    | Noticed a frost giant
  9984 | IceCv    | Killed from afar by a frost giant

Skill      XL: |  1  2  3  4  5  6  7  8  9 10 11 |
---------------+----------------------------------+-----
Unarmed Combat | 3 4 5 6 7 9 11 12 14 15 | 15.1
Fighting       | 2 4 5 |  5.0
Dodging        | 2 4 5 |  5.0
Shields        | 1 7 |  7.2
Spellcasting   | |  1.2
Charms         | |  2.0

Action                   |  1- 3 |  4- 6 |  7- 9 | 10-12 || total
-------------------------+-------+-------+-------+-------++-------
Melee: Unarmed           |    71 |   148 |   248 |   424 ||   891
       Punch             |       |     5 |    11 |    13 ||    29
       Kick              |       |       |       |    55 ||    55
 Cast: Infusion          |     1 |       |       |       ||     1
  Use: Scroll            |     4 |     5 |     4 |     1 ||    14
       Potion            |       |       |     1 |     9 ||    10
 Stab: Sleeping          |       |     1 |     5 |     2 ||     8
  Eat: Chunk             |    20 |    15 |    38 |    37 ||   110
Armor: Robe              |    25 |    26 |    87 |    68 ||   206
       Animal skin       |       |    18 |     5 |       ||    23
       Skin              |       |       |     1 |       ||     1
Dodge: Dodged            |    33 |    63 |   101 |   132 ||   329
Block: Shield            |       |       |       |    83 ||    83
